cohdb
Replays
Latest Replays
All Replays
Popular Replays
Top Player Replays
Match Explorer
How It Works
Community
CoH3 Stats
Reddit
Sign in to upload your games and track your stats! →
Sign in with Steam
Match 39473838
Unlisted
Match 39473838
Overview
Messages
Build Orders
End
Vickers Machine Gun Team
Construct Section Command Post
Selects Canadian Shock Battlegroup
Infantry Section
Infantry Section
Selects Attacking Spirit
Selects Canadian Shock Section
Canadian Shock Section
Construct Platoon Command Post
Humber Armored Car
Selects Burnout
CMP 15cwt Truck
Burnout
Selects Pyrotechnics
badger2
Quasi saur
Mattfield27
CiCRistoRyti
Bismarck
书院三师姐
Flobby
Prof. Dr. Redbullet (GER)
0
0
Comments
sign in to comment!
No comments posted yet!